 Dungeon Crawl Stone Soup version 0.26-a0-8-gc4d20be10f (webtiles) character file.

Game seed: 12151549795483280375, levelgen mode: deterministic

113 Flugkiller the Vexing (level 4, -8/28 HPs)
             Began as an Octopode Enchanter on May 24, 2020.
             Killed from afar by Natasha (10 damage)
             ... with a magic dart
             ... on level 2 of the Dungeon.
             The game lasted 00:02:38 (1960 turns).

Flugkiller the Vexing (Octopode Enchanter)          Turns: 1960, Time: 00:02:39

Health: -8/28      AC:  1    Str:  7    XL:     4   Next: 96%
Magic:  6/7        EV: 14    Int: 17    God:
Gold:   112        SH:  0    Dex: 13    Spells: 4/7 levels left

rFire    . . .     SeeInvis .   d - +2 dagger (holy)
rCold    . . .     Gourm    .   (no shield)
rNeg     . . .     Faith    +   (helmet restricted)
rPois    .         Spirit   .   a - amulet of faith
rElec    .         Reflect  .   (no ring)
rCorr    .         Harm     .   (no ring)
MR       .....                  (no ring)
Stlth    +++.......             (no ring)
HPRegen  0.09/turn              (no ring)
MPRegen  0.10/turn              (no ring)
                                (no ring)
                                (no ring)

@: no status effects
A: almost no armour, stealthy swim, amphibious, 8 rings, constrict 8, camouflage
1, gelatinous body 1
a: no special abilities


You were on level 2 of the Dungeon.
You were not hungry.

You visited 1 branch of the dungeon, and saw 2 of its levels.

You collected 112 gold pieces.

Inventory:

Hand Weapons
 d - a +2 dagger of holy wrath (weapon)
   (You took it off a kobold on level 1 of the Dungeon)
Missiles
 k - 18 poisoned darts (quivered)
Jewellery
 a - an amulet of faith (around mantle)
   (You found it on level 1 of the Dungeon)
Scrolls
 e - 2 scrolls of identify {unknown}
 f - a scroll of teleportation {unknown}
 g - 3 scrolls of enchant armour {unknown}
 h - 2 scrolls of magic mapping {unknown}
Potions
 i - a potion of resistance {unknown}
 j - a potion of curing {unknown}
 l - a potion of degeneration {unknown}
Comestibles
 c - 6 rations


   Skills:
 - Level 1.0 Fighting
 - Level 1.0 Short Blades
 + Level 2.6 Dodging
 - Level 4.0 Stealth
 - Level 2.0 Spellcasting
 - Level 5.0 Hexes


You had 4 spell levels left.
You knew the following spells:

 Your Spells              Type           Power        Failure   Level  Hunger
a - Corona                Hex            ###....      2%          1    #......
b - Ensorcelled Hibernat  Hex/Ice        ##....       11%         2    ###....

Your spell library contained the following spells:

 Spells                   Type           Power        Failure   Level  Hunger
 Confusing Touch          Hex            ###.....     8%          3    ###....
 Tukima's Dance           Hex            ###.....     8%          3    ###....
 Dazzling Flash           Conj/Hex       ##....       21%         3    ###....


Dungeon Overview and Level Annotations

Branches:
Dungeon (2/15)

Altars:

Annotations:
D:2 exclusion: adder, Natasha


Innate Abilities, Weirdness & Mutations

You cannot wear most types of armour.
You are very stealthy in the water. (Stealth+)
You are amphibious.
You can wear up to eight rings at the same time.
You can use your tentacles to constrict eight enemies at once.
Your skin changes colour to match your surroundings (Stealth+).
Your rubbery body absorbs attacks. (AC +1, EV +1)


Message History

You squeeze the kobold.
You kill the kobold!
No target in view!
No target in view!
Unknown command.
Unknown command.
Things that are here:
a +0 club; a stone; a kobold corpse
h - 2 scrolls labeled WEOFIX MOAB (gained 1) Eating one of 2 chunks of flesh.
You eat one of the 2 chunks of flesh.
This raw flesh tastes terrible.
All of the chunks of flesh in your inventory have rotted away.
There is a stone staircase leading down here.
Natasha, Servant of Life and Death comes into view.
Casting: Corona (safe; 2% risk of failure)
Confirm with . or Enter, or press ? or * to list all spells.
Aiming: Corona (safe; 2% risk of failure)
Press: ? - help, Shift-Dir - straight line, f - Natasha
Aim: Natasha (wandering, hasn't noticed you, chance to defeat MR: 56%) Natasha hisses angrily.
Natasha is outlined in light.
Natasha casts a spell at you. The magic dart hits you. Natasha claws you.
You hit Natasha. Your grab misses Natasha.
Natasha is moderately wounded.
Natasha claws you!
* * * LOW HITPOINT WARNING * * *
You hit Natasha but do no damage. Your grab misses Natasha.
Natasha is moderately wounded.
Natasha misses you.
You hit Natasha but do no damage. You grab Natasha.
Natasha is moderately wounded.
You constrict Natasha. Natasha claws you.
* * * LOW HITPOINT WARNING * * *
You hit Natasha but do no damage.
Natasha is moderately wounded.
You constrict Natasha, but do no damage.
Natasha claws you!
* * * LOW HITPOINT WARNING * * *
You hit Natasha but do no damage.
Natasha is moderately wounded.
You constrict Natasha. Natasha barely misses you.
Unknown command.
You hit Natasha.
Natasha is severely wounded.
You constrict Natasha.
Natasha stops glowing.
Natasha casts a spell at you. The magic dart hits you!
You die...

....###..# #........##.##...#
......#.## #####....##..#(..#
##......########.#..###.#..#
.######..<..........###....#
.........>...#.#.##....#...#
#######........#.##.#....)###
#..........##.###.....#
#.........h##.# ##..).#
#.........@...# #..#.#
#......#..##..# #..#.#### ###
###.........##..####.......#
..###............#.............#
#..#..#.......>#.....##........#
......#.......####.#.##........#
.#.#.#..#....## #.#...........#
.#.....#####.# #.###...#######
.###...# #.# #.# #....##


You could see Natasha.

Vanquished Creatures
  Jessica (D:2)
  Natasha (twice) (D:2)
  A worm (D:2)
  A dart slug (D:1)
  A leopard gecko (D:1)
  7 goblins
  3 hobgoblins
  3 jackals (D:1)
  6 kobolds
  A ball python (D:2)
  4 bats
  2 frilled lizards
  2 rats
34 creatures vanquished.

Notes
Turn   | Place    | Note
-------+----------+-------------------------------------------
     0 | D:1      | Flugkiller the Octopode Enchanter began the quest for the
                  | Orb.
     0 | D:1      | Reached XP level 1. HP: 11/11 MP: 3/3
   199 | D:1      | Reached XP level 2. HP: 15/17 MP: 5/5
   338 | D:1      | Learned a level 2 spell: Ensorcelled Hibernation
   838 | D:1      | Reached skill level 4 in Hexes
  1066 | D:2      | Reached XP level 3. HP: 21/21 MP: 6/6
  1254 | D:2      | Noticed Jessica
  1332 | D:2      | Killed Jessica
  1343 | D:2      | Reached XP level 4. HP: 23/27 MP: 4/7
  1675 | D:2      | Noticed Natasha
  1690 | D:2      | Killed Natasha
  1690 | D:2      | Reached skill level 5 in Hexes
  1690 | D:2      | Reached skill level 1 in Fighting
  1800 | D:2      | Noticed Natasha
  1812 | D:2      | Killed Natasha
  1952 | D:2      | Noticed Natasha
  1960 | D:2      | Killed from afar by Natasha

Illustrated notes

Levels and vault maps discovered:
D:1:      mrwooster_arrival_statue_3, layout_basic
D:2:      layout_rooms, uniq_jessica, uniq_natasha

Skill      XL: |  1  2  3  4 |
---------------+-------------+-----
Hexes          | 4 5 |  5.0
Fighting       | 1 |  1.0
Short Blades   | |  1.0
Dodging        | |  2.6
Stealth        | |  4.0
Spellcasting   | |  2.0

Action                   |  1- 3 |  4- 6 || total
-------------------------+-------+-------++-------
Melee: Dagger            |    53 |    27 ||    80
       Constrict         |    12 |     7 ||    19
       Tentacles         |    11 |     4 ||    15
 Cast: Corona            |     3 |     4 ||     7
       Ensorcelled Hiber |     2 |     3 ||     5
 Stab: Sleeping          |    11 |       ||    11
  Eat: Chunk             |     1 |     3 ||     4
Armor: Skin              |     6 |     6 ||    12
Dodge: Dodged            |    29 |    18 ||    47

Table legend:
 A = Non-vault XP
 B = Vault XP
 C = Vault XP percentage of total XP
 D = Non-vault monster count
 E = Vault monster count
 F = Vault count percentage of total count
                 A         B        C        D         E       F
            +---------+---------+-------+---------+---------+-------
      Total |      90 |      72 |  44.4 |      32 |       2 |   5.9
            +---------+---------+-------+---------+---------+-------
        D:1 |      33 |       0 |   0.0 |      19 |       0 |   0.0
        D:2 |      57 |      72 |  55.8 |      13 |       2 |  13.3
            +---------+---------+-------+---------+---------+-------
